 Dungeon Crawl Stone Soup version 0.19.0-19-g8c6edcc (webtiles) character file.

175 Monsterracer the Cudgeler (level 5, 0/41 HPs)
             Began as a Formicid Fighter on Nov 13, 2016.
             Succumbed to an adder's poison
             ... on level 3 of the Dungeon.
             The game lasted 00:05:36 (2122 turns).

Monsterracer the Cudgeler (Formicid Fighter)        Turns: 2122, Time: 00:05:37

Health: 0/41       AC:  6    Str: 20    XL:     5   Next: 86%
Magic:  5/5        EV:  7    Int:  8    God:
Gold:   145        SH:  9    Dex: 11    Spells: 0 memorised, 4 levels left

rFire  . . .     SeeInvis +     a - +1 flail
rCold  . . .     Gourm    .     b - +0 scale mail
rNeg   . . .     Faith    .     c - +0 shield
rPois  .         Spirit   .     (helmet unavailable)
rElec  .         Reflect  .     (no cloak)
rCorr  .         Harm     .     (no gloves)
MR     .....                    (no boots)
Stlth  ..........               (no amulet)
                                (no ring)
                                (no ring)

@: lethally poisoned (0 -> -15)
A: permanent stasis, dig shafts and tunnels, four strong arms, antennae 3
a: Dig, Shaft Self


You were on level 3 of the Dungeon.
You were hungry.

You visited 1 branch of the dungeon, and saw 3 of its levels.

You collected 145 gold pieces.

Inventory:

Hand Weapons
 a - a +1 flail (weapon)
Armour
 b - a +0 scale mail (worn)
 c - a +0 shield (worn)
Scrolls
 e - 3 scrolls of identify
 g - 3 scrolls of remove curse
Comestibles
 d - 3 fruits
 f - 2 bread rations
 h - 3 royal jellies
 i - a chunk of flesh
 j - a meat ration
 k - a slice of pizza


   Skills:
 - Level 3.2 Fighting
 + Level 5.6 Maces & Flails
 - Level 3.2 Armour
 - Level 3.6 Shields


You had 4 spell levels left.
You didn't know any spells.

Dungeon Overview and Level Annotations

Branches:
Dungeon (3/15)

Altars:
Fedhas
Nemelex Xobeh


Innate Abilities, Weirdness & Mutations

You are under a permanent stasis effect.
You can dig through walls and to a lower floor.
Your four strong arms can wield two-handed weapons with a shield.
You have a pair of large antennae on your head. (SInv)


Message History

You are more poisoned.
The adder poisons you!
Things that are here:
a spear; a gnoll corpse You aren't carrying any potions.
Okay, then.
You hit the adder.
The adder is lightly wounded.
* * * LOW HITPOINT WARNING * * *
You feel sick. The adder bites you.
* * * LOW HITPOINT WARNING * * *
You are more poisoned.
The adder poisons you! The kobold barely misses you.
You miss the adder.
The adder is lightly wounded.
* * * LOW HITPOINT WARNING * * *
You feel sick. The adder closely misses you. You block the kobold's attack.
The adder completely misses you.
Unknown command.
You die...

.#
####.#...##..#.#..........#
## #.#...##..#.############
#......#....# ######.##.###
#.# #.# #)# #(# #@# #.SK.#
.......# ####..... #......
#....... #........
#.......##


You could see an adder and a kobold.

Vanquished Creatures
  A howler monkey (D:3)
  3 gnolls (D:3)
  5 adders
  A worm (D:2)
  2 dart slugs
  6 bats
  A giant cockroach (D:3)
  9 goblins
  13 hobgoblins
  5 kobolds
  5 quokkas
  A frilled lizard (D:2)
  4 rats
56 creatures vanquished.

Notes
Turn   | Place    | Note
-------+----------+-------------------------------------------
     0 | D:1      | Monsterracer the Formicid Fighter began the quest for the Orb.
     0 | D:1      | Reached XP level 1. HP: 18/18 MP: 1/1
   130 | D:1      | Reached XP level 2. HP: 19/24 MP: 2/2
   307 | D:1      | Reached skill level 3 in Maces & Flails
   350 | D:1      | Reached XP level 3. HP: 26/29 MP: 3/3
   996 | D:2      | Reached skill level 4 in Maces & Flails
   996 | D:2      | Reached XP level 4. HP: 26/35 MP: 4/4
  1581 | D:2      | Found a blossoming altar of Fedhas.
  1990 | D:3      | Reached XP level 5. HP: 41/41 MP: 5/5
  2065 | D:3      | Found a sparkling altar of Nemelex Xobeh.
  2098 | D:3      | Reached skill level 5 in Maces & Flails
  2120 | D:3      | HP: 2/41 [adder (3)]
  2122 | D:3      | Succumbed to an adder's poison

Skill      XL: |  1  2  3  4  5 |
---------------+----------------+-----
Maces & Flails | 3 4 5 |  5.6
Fighting       | |  3.2
Armour         | |  3.2
Shields        | |  3.6

Action                   |  1- 3 |  4- 6 || total
-------------------------+-------+-------++-------
Melee: Flail             |   124 |   152 ||   276
  Use: Potion            |     3 |     2 ||     5
       Scroll            |     3 |     3 ||     6
  Eat: Chunk             |       |     4 ||     4
Armor: Scale mail        |    51 |    80 ||   131
Dodge: Dodged            |    29 |    62 ||    91
Block: Shield            |    66 |   107 ||   173
